 Dungeon Crawl Stone Soup version 0.23.0-3-gf3c87f2 (webtiles) character file.

Game seed: 15752414653530864976

51 Inarius the Sneak (level 3, -3/27 HPs)
             Began as a Vampire Hunter on Feb 21, 2019.
             Slain by an adder (5 damage)
             ... on level 2 of the Dungeon.
             The game lasted 00:01:52 (1591 turns).

Inarius the Sneak (Vampire Hunter)                  Turns: 1591, Time: 00:01:53

Health: -3/27      AC:  4    Str: 11    XL:     3   Next: 58%
Magic:  3/3        EV: 12    Int: 13    God:
Gold:   94         SH:  0    Dex: 15    Spells: 2/2 levels left

rFire    . . .     SeeInvis +   a - +0 short sword
rCold    . . .     Gourm    .   (no shield)
rNeg     . . .     Faith    .   b - +0 leather armour
rPois    .         Spirit   .   (no helmet)
rElec    .         Reflect  .   (no cloak)
rCorr    .         Harm     .   (no gloves)
MR       .....                  m - +0 pair of boots
Stlth    ++........             (no amulet)
HPRegen  0.29/turn              (no ring)
MPRegen  0.08/turn              (no ring)

@: lethally poisoned (-3 -> -8), regenerating quickly, hasted, very quick
A: rotting body, fangs 3, see invisible, unbreathing
a: no special abilities


You were on level 2 of the Dungeon.
You were full.

You visited 1 branch of the dungeon, and saw 2 of its levels.

You collected 94 gold pieces.

Inventory:

Hand Weapons
 a - a +0 short sword (weapon)
Missiles
 d - 2 throwing nets (quivered)
Armour
 b - a +0 leather armour (worn)
 m - a +0 pair of boots (worn)
Scrolls
 f - a scroll of identify {unknown}
 h - 3 scrolls of remove curse {unknown}
 i - a scroll of teleportation {unknown}
 o - a scroll of random uselessness {unknown}
Potions
 e - 3 potions of blood
 g - a potion of lignification {unknown}
 j - a potion of heal wounds {unknown}
 k - a potion of haste
 l - 2 potions of berserk rage {unknown}
 n - a potion of degeneration {unknown}


   Skills:
 * Level 2.2 Fighting
 + Level 1.0 Short Blades
 - Level 3.2 Throwing
 + Level 0.8 Armour
 * Level 2.7 Dodging
 * Level 3.4 Stealth


You had 2 spell levels left.
You didn't know any spells.
Your spell library was empty.

Dungeon Overview and Level Annotations

Branches:
Dungeon (2/15)

Altars:
The Shining One


Innate Abilities, Weirdness & Mutations

Your body is rotting away.
You thrive on raw meat.
Your natural rate of healing is unusually fast.
You have razor-sharp teeth.
You have supernaturally acute eyesight. (SInv)
You can survive without breathing.


Message History

* * * LOW HITPOINT WARNING * * *
You feel sick. The adder misses you. x2
Unknown command.
Throwing (i - inventory. (/) - cycle)
c - 2 javelins (quivered)
Press: ? - help, Shift-Dir - straight line, f/p - adder
Aim: an adder (heavily wounded)
You throw a javelin. The javelin barely misses the adder.
* * * LOW HITPOINT WARNING * * *
You feel sick. The adder misses you.
Unknown command.
Throwing (i - inventory. (/) - cycle)
c - a javelin (quivered)
Press: ? - help, Shift-Dir - straight line, f/p - adder
Aim: an adder (heavily wounded)
You throw a javelin. The javelin barely misses the adder.
* * * LOW HITPOINT WARNING * * *
You feel sick. The adder bites you but does no damage.
The adder barely misses you.
Unknown command.
It was a potion of haste.
You feel yourself speed up. The adder bites you.
You die...

.###..##...####.#.#.#
##................#.#
................#.#.#
...#..##.#####..#.#.#
..........# #....#.#
##....##.######...#
##...# .........#
##.## ######...#.# ..
.......@...# .##
######.S.### #...#
..(.# ##.#.# .. .# ..
## ###


You could see an adder.

Vanquished Creatures
  2 adders (D:2)
  An ooze (D:2)
  A leopard gecko (D:1)
  2 ball pythons
  4 bats
  A giant cockroach (D:2)
  2 goblins (D:1)
  4 hobgoblins
  A frilled lizard (D:1)
  4 kobolds
  3 rats (D:2)
25 creatures vanquished.

Notes
Turn   | Place    | Note
-------+----------+-------------------------------------------
     0 | D:1      | Inarius the Vampire Hunter began the quest for the Orb.
     0 | D:1      | Reached XP level 1. HP: 16/16 MP: 1/1
   549 | D:1      | Found a glowing golden altar of the Shining One.
   642 | D:1      | Reached XP level 2. HP: 21/22 MP: 2/2
  1162 | D:2      | Reached XP level 3. HP: 19/27 MP: 3/3
  1482 | D:2      | Reached skill level 1 in Short Blades
  1591 | D:2      | Slain by an adder

Skill      XL: |  1  2  3 |
---------------+----------+-----
Stealth        | 2 3 |  3.4
Fighting       | 2 |  2.2
Short Blades   | 1 |  1.0
Throwing       | |  3.2
Armour         | |  0.8
Dodging        | |  2.7

Action                   || total
-------------------------++-------
Melee: Short sword       ||    92
       Bite              ||     5
Throw: Javelin           ||     7
  Use: Potion            ||     1
 Stab: Sleeping          ||     6
  Eat: Corpse            ||     7
Armor: Leather armour    ||    37
Dodge: Dodged            ||    74
